Map: Old Republic LE

Players

Deluxe - Winner!

  • Race: Terran Terran
  • Spawn Location: 7:00

SPICY

  • Race: Zerg Zerg
  • League: Gold
  • Spawn Location: 1:00

VOD

Have the link to the VOD?

Description

Time

  • Played on: May 31, 2026, 4:18 a.m.
  • Length: 14:07
Show
View Real Time Build Order
Export as new Build Order

Deluxe Terran - Winner!

Build Orders:  

Get SALT Encoding   

  12  0:00  SCV  
  13  0:13  SCV  
  14  0:17  Supply Depot  
  14  0:25  SCV  
  15  0:39  SCV  
  16  0:44  Barracks  
  16  0:51  SCV  
  16  0:55  Refinery  
  17  1:03  SCV  
  18  1:15  SCV  
  19  1:30  Orbital Command  
  19  1:42  Command Center  
  19  1:45  Barracks Reactor  
  19  1:56  Supply Depot  
  19  1:58  SCV  
  20  2:10  SCV  
  21  2:21  Marine x2  
  21  2:22  SCV  
  24  2:39  Marine x2, Factory  
  24  2:43  Refinery  
  26  2:50  Barracks  
  26  2:56  Supply Depot  
  26  2:57  Marine x2  
  28  3:05  Orbital Command  
  28  3:11  SCV  
  29  3:15  Marine x2  
  29  3:19  Supply Depot  
  31  3:23  SCV  
  31  3:27  Factory Tech Lab  
  32  3:35  SCV x2  
  32  3:40  Marine  
  32  3:41  Marine  
  35  3:42  Supply Depot  
  35  3:47  SCV x2  
  38  3:58  Marine  
  38  3:59  SCV x2  
  41  4:04  Barracks Tech Lab  
  41  4:06  Siege Tank  
  44  4:11  SCV x2  
  44  4:13  Marine  
  44  4:16  Marine  
  48  4:23  SCV  
  48  4:24  SCV  
  50  4:31  Marine  
  50  4:32  Barracks  
  50  4:34  Combat Shield  
  50  4:35  SCV  
  52  4:41  Engineering Bay  
  52  4:49  Starport  
  52  4:52  Marine x3  
  55  5:09  Marine  
  55  5:10  Marine x2  
  58  5:21  Barracks  
  58  5:27  Marine  
  58  5:28  Marine  
  60  5:29  SCV x2  
  62  5:41  SCV x2  
  64  5:47  Supply Depot  
  64  5:50  Terran Infantry Weapons Level 1  
  64  5:51  Siege Tank  
  64  5:52  Medivac  
  64  5:53  SCV, Stimpack  
  70  6:09  Marine x4, SCV  
  70  6:10  Supply Depot  
  75  6:22  Medivac  
  77  6:27  Marine  
  78  6:34  Supply Depot  
  78  6:56  Supply Depot  
  72  7:03  Marine x5  
  72  7:05  Siege Tank  
  76  7:19  Refinery x2, Supply Depot  
  76  7:20  Marine  
  76  7:21  Marine x4  
  81  7:37  Command Center, Siege Tank  
  81  7:38  Medivac, Marine  
  81  7:39  Marine x4  
  81  7:42  Supply Depot  
  91  7:56  Marine  
  91  7:57  Marine x4  
  96  8:05  Supply Depot  
  96  8:08  Medivac  
  96  8:09  Siege Tank  
  101  8:14  Marine  
  102  8:22  Marine  
  102  8:23  Marine x3  
  106  8:28  Supply Depot  
  106  8:32  Marine  
  107  8:38  Medivac  
  107  8:40  Marine x2  
  107  8:41  Marine x2  
  112  8:42  Siege Tank  
  116  8:49  Marine  
  116  8:51  Supply Depot  
  116  8:52  Terran Infantry Armor Level 1  
  116  8:58  Marine x3  
  116  8:59  Marine  
  120  9:13  Supply Depot  
  120  9:16  SCV x2  
  122  9:18  SCV  
  123  9:28  SCV x2  
  123  9:30  SCV  
  126  9:40  SCV  
  126  9:42  SCV  
  128  9:55  SCV  
  102  10:27  Siege Tank  
  97  10:31  Medivac  
  97  10:32  Marine x3  
  97  10:33  Marine x2  
  93  10:50  Marine x4  
  93  10:51  Marine  
  85  10:59  Siege Tank  
  85  11:01  Medivac  
  79  11:08  Marine x4  
  79  11:09  Marine  
  81  11:26  Marine x4  
  81  11:27  Marine  
  81  11:31  Medivac, Siege Tank  
  91  11:44  Marine x3  
  70  12:04  Siege Tank  
  70  12:06  Medivac  
  70  12:08  Marine x2  
  75  12:09  Marine x3  
  80  12:16  SCV  
  81  12:26  Marine x4  
  81  12:28  SCV  
  86  12:40  SCV  
  73  12:52  SCV  
  72  13:04  SCV  
Show
View Real Time Build Order
Export as new Build Order

SPICY Zerg 

Build Orders: Hatch First 

Get SALT Encoding   

  12  0:00  Drone  
  13  0:12  Overlord  
  13  0:30  Drone  
  13  0:32  Drone x2  
  16  0:52  Hatchery  
  15  0:58  Drone x2  
  15  1:03  Drone  
  18  1:25  Drone x2  
  19  1:27  Spawning Pool  
  19  1:37  Overlord  
  19  1:49  Drone  
  20  1:58  Drone  
  21  2:04  Drone  
  22  2:16  Queen x2  
  22  2:21  Zergling x2  
  22  2:22  Drone x2  
  29  2:26  Drone  
  29  2:29  Drone  
  31  2:32  Extractor  
  30  2:37  Overlord  
  30  2:40  Drone  
  31  2:47  Drone  
  32  2:52  Queen, Drone  
  32  2:55  Queen  
  37  3:00  Drone  
  37  3:02  Overlord  
  38  3:09  Drone  
  39  3:14  Hatchery  
  39  3:16  Drone  
  39  3:23  Drone  
  39  3:26  Drone  
  44  3:27  Drone x3  
  44  3:30  Hatchery  
  43  3:35  Drone x2  
  43  3:36  Drone  
  43  3:40  Extractor  
  45  3:58  Drone  
  45  3:59  Drone x4  
  50  4:05  Extractor  
  49  4:16  Overlord x2  
  49  4:18  Queen  
  51  4:25  Queen  
  51  4:28  Queen  
  55  4:31  Drone  
  55  4:32  Drone x2  
  58  4:42  Extractor  
  58  4:44  Metabolic Boost  
  57  4:54  Spore Crawler x2  
  57  4:56  Lair  
  55  5:22  Baneling Nest  
  55  5:25  Zergling x2  
  55  5:26  Zergling x16, Roach Warren  
  62  5:31  Pneumatized Carapace  
  62  5:35  Drone x4  
  63  5:36  Drone x6  
  63  5:37  Overlord x3  
  72  6:04  Infestation Pit  
  72  6:07  Centrifugal Hooks  
  72  6:09  Glial Reconstitution  
  71  6:18  Drone  
  71  6:19  Drone x6  
  71  6:20  Drone x3  
  71  6:21  Drone x3, Overlord  
  71  6:23  Spore Crawler, Extractor  
  71  6:24  Extractor  
  81  6:25  Spore Crawler  
  80  6:32  Spore Crawler  
  80  6:38  Spore Crawler, Drone x2  
  80  6:39  Drone  
  81  6:41  Drone x2, Spore Crawler  
  81  6:42  Drone x5  
  81  6:45  Spore Crawler  
  83  7:12  Hydralisk Den  
  82  7:26  Overlord x2  
  82  7:29  Drone x7  
  89  7:34  Roach  
  89  7:35  Roach x6  
  103  7:57  Roach x8  
  119  8:36  Overlord  
  119  8:37  Overlord x6  
  112  9:20  Roach x10  
  112  9:21  Roach x7  
  146  9:37  Hive  
  146  9:41  Drone x6  
  152  9:49  Drone x2  
  152  9:50  Drone  
  153  10:24  Hydralisk  
  153  10:25  Hydralisk x2  
  153  10:27  Overlord x4  
  125  10:53  Hydralisk x4  
  125  10:54  Hydralisk x4, Roach  
  125  10:55  Roach x12  
  139  11:21  Zergling x12  
  139  11:22  Zergling x10  
  150  11:30  Lurker Den  
  149  11:37  Extractor x2  
  114  11:56  Zergling x36  
  106  12:10  Roach x8  
  106  12:11  Roach x3  
  128  12:22  Zergling x8  
  132  12:24  Zergling x6  
  81  12:51  Roach x5  
  81  12:52  Roach x5  
  93  13:06  Hatchery  
  93  13:12  Hatchery  
  85  13:15  Zergling x2  
  85  13:16  Roach x8  
  101  13:37  Roach x2  
  101  13:38  Roach x7  
Tags
 
League
Gold
Matchup
TvZ
Spawn Locations
Cross Positions
Add a new tag
Caveats
  • Supply blocks, unpowered buildings, or Contaminate may cause inaccurate times.
  • Supply counts are checked every 10 seconds.